 Dungeon Crawl Stone Soup version 0.30.0 (webtiles) character file.

Game seed: 13592246072109407550

23 Rogue the Digger (level 2, 0/12 HPs)
             Began as a Felid Earth Elementalist on Sept 3, 2023.
             Slain by an iguana (12 damage)
             ... on level 2 of the Dungeon.
             The game lasted 00:05:58 (1010 turns).

Rogue the Digger (Felid Earth Elementalist)         Turns: 1010, Time: 00:05:59

Health: 0/12       AC:  1    Str:  4    XL:     2   Next: 72%
Magic:  6/6        EV: 17    Int: 16    God:
Gold:   12         SH:  0    Dex: 16    Spells: 1/5 levels left
                                        Lives:  0   Deaths: 0

rFire   . . .        (weapon unavailable)
rCold   . . .        (shield unavailable)
rNeg    . . .        (body armour unavailable)
rPois   .            (helmet unavailable)
rElec   .            (cloak unavailable)
rCorr   .            (gloves unavailable)
SInv    +            (boots unavailable)
Will    .....        (no amulet)
Stlth   ++           (no ring)
HPRegen 0.22/turn    (no ring)
MPRegen 0.10/turn

%: no passive effects
@: quick
A: very small, claws 1, fangs 3, see invisible, speed 1, shaggy fur 1, stealthy
paws, no weapons or thrown items, no armour, multi-lived
a: no special abilities


You were on level 2 of the Dungeon.
You visited 1 branch of the dungeon, and saw 2 of its levels.

You collected 12 gold pieces.

Inventory:

Jewellery
 b - a ring of fire
Scrolls
 c - 2 scrolls of enchant armour {unknown}
 d - a scroll of identify {unknown}
 e - a scroll of fog {unknown}
Potions
 a - a potion of magic


   Skills:
 * Level 0.6 Fighting
 + Level 2.7 Dodging
 + Level 2.8 Stealth
 * Level 0.9 Unarmed Combat
 * Level 2.1 Spellcasting
 * Level 1.3 Transmutations
 + Level 3.0 Earth Magic


You had one spell level left.
You knew the following spells:

 Your Spells              Type           Power      Damage    Failure   Level
a - Sandblast             Erth           22%        2d7       6%          1
b - Passwall              Tmut/Erth      6%         N/A       12%         2
c - Shock                 Conj/Air       4%         1d3       21%         1

Your spell library contained the following spells:

 Spells                   Type           Power      Damage    Failure   Level
 Summon Small Mammal      Summ           4%         N/A       21%         1
 Stone Arrow              Conj/Erth      12%        3d7       32%         3
 Call Canine Familiar     Summ           1%         N/A       52%         3
 Summon Guardian Golem    Hex/Summ       1%         N/A       52%         3
 Swiftness                Air            1%         N/A       52%         3
 Petrify                  Tmut/Erth      8%         N/A       63%         4
 Airstrike                Air            0%         2d(1-17)  90%         4


Dungeon Overview and Level Annotations

Branches:
Dungeon (2/15)

Altars:

Shops:
D:1 =


Innate Abilities, Weirdness & Mutations

You have sharp claws.
You have razor-sharp teeth.
You have supernaturally acute eyesight. (SInv)
You cover ground quickly. (Speed+)
You are covered in fur. (AC +1)
Your paws help you pounce on unaware monsters.
You are incapable of wielding weapons or throwing items.
You cannot wear armour.
You gain extra lives every three experience levels.


Message History

Aim: a worm (lightly wounded, 94% to hit)
The blast of sand hits the worm.
The worm is moderately wounded.
Casting: Sandblast (safe; 6% risk of failure)
Confirm with . or Enter, or press ? or * to list all spells.
Aiming: Sandblast (safe; 6% risk of failure)
Press: ? - help, Shift-Dir - straight line, f/p - worm
Aim: a worm (moderately wounded, 94% to hit)
The blast of sand hits the worm.
The worm is heavily wounded.
Your magical contamination has completely faded away.
You scratch the worm.
The worm is severely wounded.
You barely miss the worm.
The worm is severely wounded.
The worm misses you.
Casting: Sandblast (safe; 6% risk of failure)
Confirm with . or Enter, or press ? or * to list all spells.
Aiming: Sandblast (safe; 6% risk of failure)
Press: ? - help, Shift-Dir - straight line, f/p - worm
Aim: a worm (severely wounded, 94% to hit)
The blast of sand hits the worm.
The worm is severely wounded.
The worm bites you.
You scratch the worm.
The worm is almost dead.
You scratch the worm.
You kill the worm!
HP restored.
You see here 7 stones.
d - a scroll labelled RYFOTWISUR
e - a scroll labelled VEUBUT AHIXA An iguana comes into view.
A rat comes into view.
The helpless iguana fails to defend itself.
You scratch the iguana.
The iguana is heavily wounded.
The iguana bites you!
Ouch! That really hurt!
You die...

# .. .# #.. #.###
#.# .r... #.# ......
#.###...###
#...l.....# #
.######..@....# #
..............# .#.#
#. ######.#...#.#
..# #.
#.###.#.#####..#####
#...................
#####......# #...###
#......# #.#.#
#......###.#.#
+............##


You could see an iguana and a rat (asleep).

Vanquished Creatures
  A worm (D:2)
  A bat (D:1)
  An endoplasm (D:1)
  A giant cockroach (D:2)
  4 goblins (D:1)
  A hobgoblin (D:1)
  A kobold (D:1)
  2 quokkas (D:1)
  2 ball pythons (D:1)
  A frilled lizard (D:1)
  4 rats (D:1)
19 creatures vanquished.

Notes
Turn   | Place    | Note
-------+----------+-------------------------------------------
     0 | D:1      | Rogue the Felid Earth Elementalist began the quest for the
                  | Orb.
     0 | D:1      | Reached XP level 1. HP: 7/7 MP: 4/4
   209 | D:1      | Found a faded altar of an unknown god.
   217 | D:1      | Reached XP level 2. HP: 12/12 MP: 3/6
   253 | D:1      | Learned a level 2 spell: Passwall
   255 | D:1      | Learned a level 1 spell: Shock
   362 | D:1      | Reached skill level 3 in Earth Magic
   655 | D:1      | Found Vostom's Jewellery Emporium.
  1010 | D:2      | Slain by an iguana

Illustrated notes

Levels and vault maps discovered:
D:1:      dpeg_arrival_rooms_with_view, layout_loops_cross,
          chequers_ecumenical_altar_simple_redux, serial_shops, shop_fountains
D:2:      layout_basic

Skill      XL: |  1  2 |
---------------+-------+-----
Earth Magic    | 3 |  3.0
Fighting       | |  0.6
Dodging        | |  2.7
Stealth        | |  2.8
Unarmed Combat | |  0.9
Spellcasting   | |  2.1
Transmutations | |  1.3

Action                     || total
---------------------------++-------
  Melee: Unarmed           ||    16
         Bite              ||     1
   Cast: Sandblast         ||    19
         Shock             ||     9
   Stab: Sleeping          ||     2
 Armour: Skin              ||     3
  Dodge: Dodged            ||     8
